 Dungeon Crawl Stone Soup version 0.30.2 (webtiles) character file.

Game seed: 721899102042630032

264 porpoise the Shooter (level 5, -4/46 HPs)
             Began as a Minotaur Hunter on Mar 2, 2024.
             Slain by an iguana (8 damage)
             ... on level 3 of the Dungeon.
             The game lasted 00:05:23 (1878 turns).

porpoise the Shooter (Minotaur Hunter)              Turns: 1878, Time: 00:05:24

Health: -4/46      AC:  4    Str: 16    XL:     5   Next: 98%
Magic:  4/4        EV: 12    Int:  6    God:
Gold:   180        SH:  0    Dex: 15    Spells: 4/4 levels left

rFire   . . .        a - +0 shortbow
rCold   . . .        (shield currently unavailable)
rNeg    . . .        c - +0 leather armour
rPois   .            (helmet restricted)
rElec   .            (no cloak)
rCorr   .            k - +0 pair of gloves
SInv    .            (no boots)
Will    +....        (no amulet)
Stlth   +            x - ring of willpower
HPRegen 0.27/turn    (no ring)
MPRegen 0.09/turn

%: no passive effects
@: no status effects
A: horns 2, retaliatory headbutt
a: no special abilities


You were on level 3 of the Dungeon.
You visited 1 branch of the dungeon, and saw 3 of its levels.

You collected 180 gold pieces.

Inventory:

Hand Weapons
 a - a +0 shortbow (weapon)
 e - a +0 war axe
Missiles
 y - 2 poisoned darts
Armour
 c - a +0 leather armour (worn)
 k - a +0 pair of gloves (worn)
Jewellery
 j - a +6 ring of intelligence
 x - a ring of willpower (left hand)
Wands
 r - a wand of flame (9)
Scrolls
 b - 3 scrolls of immolation
 f - a scroll of enchant weapon {unknown}
 g - a scroll of magic mapping {unknown}
 h - a scroll of vulnerability
 n - a scroll of teleportation
 p - a scroll of fog {unknown}
 w - a scroll of fear {unknown}
Potions
 d - 3 potions of attraction
 i - a potion of cancellation
 l - a potion of lignification {unknown}
 m - 4 potions of curing
 o - a potion of resistance {unknown}
 q - 2 potions of might
 s - a potion of flight {unknown}
 t - a potion of degeneration {unknown}
 u - a potion of invisibility {unknown}
 v - a potion of ambrosia {unknown}
 z - a potion of mutation {unknown}


   Skills:
 + Level 4.2 Fighting
 * Level 6.4 Ranged Weapons
 + Level 3.3 Armour
 - Level 2.1 Dodging
 - Level 0.7 Stealth


You had 4 spell levels left.
You didn't know any spells.
Your spell library contained the following spells:

 Spells                   Type           Power      Damage    Failure   Level
 Beastly Appendage        Tmut           0%         N/A       52%         1
 Sublimation of Blood     Necr           0%         N/A       65%         2
 Wereblood                Tmut           0%         N/A       65%         2
 Frozen Ramparts          Ice            0%         1d1       87%         3
 Spider Form              Tmut/Pois      0%         N/A       87%         3
 Ice Form                 Ice/Tmut       0%         N/A       99%         4
 Summon Ice Beast         Ice/Summ       0%         N/A       99%         4
 Summon Hydra             Summ           0%         N/A       100%        7


Dungeon Overview and Level Annotations

Branches:
Dungeon (3/15)

Altars:
Xom


Innate Abilities, Weirdness & Mutations

You have a pair of horns on your head.
You reflexively headbutt those who attack you in melee.


Message History

The arrow completely misses the iguana.
The adder bites you. The adder barely misses you.
You shoot an arrow. The arrow hits the adder.
The adder is lightly wounded.
The adder bites you.
You are poisoned.
The adder poisons you!
You shoot an arrow. The arrow hits the adder!
You kill the adder!
You feel sick.
You shoot an arrow.
The arrow hits the iguana but does no damage.
You feel sick. The iguana closely misses you. The iguana bites you!
You shoot an arrow. The arrow completely misses the iguana.
You feel sick. The iguana bites you.
You shoot an arrow. The arrow barely misses the iguana.
You feel sick. The iguana misses you.
You shoot an arrow.
The arrow hits the iguana but does no damage.
You feel sick.
You are no longer poisoned.
The iguana barely misses you. You furiously retaliate!
You headbutt the iguana. You shoot an arrow. The arrow hits the iguana.
The iguana is moderately wounded.
The iguana bites you!
You are too injured to fight recklessly!
You are too injured to fight recklessly!
You shoot an arrow. The arrow barely misses the iguana.
The iguana bites you but does no damage. x2
You shoot an arrow.
The arrow hits the iguana but does no damage.
The iguana is moderately wounded.
The iguana bites you.
* * * LOW HITPOINT WARNING * * *
You shoot an arrow. The arrow hits the iguana.
The iguana is heavily wounded.
The iguana bites you.
* * * LOW HITPOINT WARNING * * *
You shoot an arrow. The arrow closely misses the iguana.
The iguana bites you!
You die...

.....## ### ### ~.....###.###
#.. #.. ~...........###..#
#.# .......##.#.#....# #.#
.......#..#.#.##.# #.#
.................# ####.#
.................## ##....#
.......#........l.# #..####
................@.# #.## #
.......#..........# #.# #
...<..............# ##.# #
##................# ######..#
# #......#.#.......##
#.......# #
.....#[...........###.......#
#
.#.####.............#.......#
# ##.#
##..........#.#.......# #
##.####...........#.........#
##


You could see an iguana.

Vanquished Creatures
  Sigmund (D:2)
  Jessica (D:2)
  3 gnolls (D:2)
  2 adders
  4 endoplasms
  2 giant cockroaches
  4 goblins
  4 hobgoblins
  A jackal (D:3)
  2 quokkas (D:2)
  4 ball pythons
  6 bats
  2 frilled lizards
  5 kobolds
  3 rats (D:3)
44 creatures vanquished.

Notes
Turn   | Place    | Note
-------+----------+-------------------------------------------
     0 | D:1      | porpoise the Minotaur Hunter began the quest for the Orb.
     0 | D:1      | Reached XP level 1. HP: 18/18 MP: 0/0
   154 | D:1      | Reached XP level 2. HP: 25/25 MP: 1/1
   212 | D:1      | Reached skill level 1 in Armour
   643 | D:2      | Found a shimmering altar of Xom.
   717 | D:2      | Reached skill level 5 in Ranged Weapons
   717 | D:2      | Reached XP level 3. HP: 31/31 MP: 2/2
   729 | D:2      | Noticed Sigmund
   740 | D:2      | Killed Sigmund
   741 | D:2      | Reached skill level 6 in Ranged Weapons
   741 | D:2      | Reached XP level 4. HP: 14/40 MP: 3/3
   741 | D:2      | Reached XP level 5. HP: 16/46 MP: 4/4
   954 | D:2      | Noticed Jessica
   956 | D:2      | Killed Jessica
  1878 | D:3      | Slain by an iguana

Illustrated notes

Levels and vault maps discovered:
D:1:      dpeg_arrival_rooms_with_view, layout_basic, minivault_24
D:2:      minmay_evil_eye, layout_loops_corners, basic_altar,
          kennysheep_jessica_study, uniq_jessica, uniq_sigmund
D:3:      cheibrodos_helix_gallery, layout_rooms

Skill      XL: |  1  2  3 |
---------------+----------+-----
Armour         | 1 3 |  3.3
Fighting       | 3 4 |  4.2
Ranged Weapons | 5 6 |  6.4
Dodging        | |  2.1
Stealth        | |  0.7

Action                     |  1- 3 |  4- 6 || total
---------------------------+-------+-------++-------
   Fire: Shortbow          |    61 |    50 ||   111
    Use: Potion            |     1 |       ||     1
         Scroll            |       |     5 ||     5
 Armour: Leather armour    |     3 |     4 ||     7
  Dodge: Dodged            |     6 |    10 ||    16
